 Dungeon Crawl Stone Soup version 0.21.1-1-g345015f (webtiles) character file.

123 letownia2 the Conjurer (level 5, -1/28 HPs)
             Began as a Tengu Fire Elementalist on Mar 5, 2018.
             Slain by a kobold
             ... wielding a +0 short sword
              (4 damage)
             ... on level 2 of the Dungeon.
             The game lasted 00:04:45 (877 turns).

letownia2 the Conjurer (Tengu Fire Elementalist)     Turns: 877, Time: 00:04:45

Health: -1/28      AC:  2    Str:  9    XL:     5   Next: 7%
Magic:  0/9        EV: 12    Int: 16    God:
Gold:   61         SH:  0    Dex: 14    Spells: 4/8 levels left

rFire    . . .     SeeInvis .   j - +0 spear
rCold    . . .     Gourm    .   (no shield)
rNeg     . . .     Faith    .   a - +0 robe
rPois    .         Spirit   .   (helmet restricted)
rElec    .         Reflect  .   (no cloak)
rCorr    .         Harm     .   (no gloves)
MR       .....                  (boots unavailable)
Stlth    +.........             (no amulet)
HPRegen  0.09/turn              m - ring of loudness (curse)
MPRegen  0.11/turn              (no ring)

@: no status effects
A: beak, talons 3, able to fly 1
a: Fly


You were on level 2 of the Dungeon.
You were not hungry.

You visited 1 branch of the dungeon, and saw 4 of its levels.

You collected 61 gold pieces.

Inventory:

Hand Weapons
 h - a +0 hunting sling
 i - a +0 dagger
 j - a +0 spear (weapon)
Armour
 a - a +0 robe (worn)
 k - a +0 ring mail
Jewellery
 m - a cursed ring of loudness (left hand)
Scrolls
 d - 2 scrolls of enchant weapon {unknown}
Potions
 e - 2 potions of might {unknown}
 f - a potion of curing {unknown}
 g - a potion of degeneration {unknown}
 n - a potion of brilliance {unknown}
 p - a potion of lignification {unknown}
Books
 b - a book of Flames

   Spells                             Type                      Level
   a - Flame Tongue                   Conjuration/Fire             1
   b - Throw Flame                    Conjuration/Fire             2
   c - Conjure Flame                  Conjuration/Fire             3
   d - Inner Flame                    Hexes/Fire                   3
   e - Sticky Flame                   Conjuration/Fire             4
   f - Fireball                       Conjuration/Fire             5
 l - a book of Minor Magic

   Spells                             Type                      Level
   a - Magic Dart                     Conjuration                  1
   b - Blink                          Translocation                2
   c - Call Imp                       Summoning                    2
   d - Slow                           Hexes                        2
   e - Conjure Flame                  Conjuration/Fire             3
   f - Mephitic Cloud                 Conjuration/Poison/Air       3
Comestibles
 c - 2 rations
 o - 3 chunks of flesh


   Skills:
 - Level 2.1 Dodging
 - Level 2.0 Stealth
 - Level 2.0 Spellcasting
 + Level 6.3 Conjurations
 - Level 3.2 Fire Magic


You had 4 spell levels left.
You knew the following spells:

 Your Spells              Type           Power        Failure   Level  Hunger
a - Flame Tongue          Conj/Fire      ###..        3%          1    #......
c - Conjure Flame         Conj/Fire      ###.....     9%          3    ###....


Dungeon Overview and Level Annotations

Branches:
Dungeon (4/15)
 Temple: D:4-7

Altars:
Qazlal
Zin

Annotations:
D:3 letownia2's ghost, weakling TeFE
D:4 Grinder


Innate Abilities, Weirdness & Mutations

You have a beak for a mouth.
You have claws for feet.
You can fly.


Message History

The flame tongue misses the kobold.
The kobold barely misses you.
You closely miss the kobold. Your kick misses the kobold.
The kobold hits you with a short sword.
* * * LOW HITPOINT WARNING * * *
The kobold hits you with a short sword.
* * * LOW HITPOINT WARNING * * *
Casting: Flame Tongue
Confirm with . or Enter, or press ? or * to list all spells.
You don't have enough magic to cast that spell.
Unknown command.
Casting: Flame Tongue
Confirm with . or Enter, or press ? or * to list all spells.
Aiming: Flame Tongue
Press: ? - help, Shift-Dir - straight line, f/p - kobold
Aim: a kobold, wielding a short sword The flame tongue hits the kobold.
The kobold is moderately wounded.
Unknown command.
The kobold hits you with a short sword.
You die...

... ..# #.# . #.# ...
####.##########.....
###>.......†..)......$
###...###...#######.....
#E#...#E#...# ...
.###...###@..# .
#.........K...#
......_.......#
##..........###
####...###.# #E#...#E#.#
###...###.# ##... ..#
### ####


You could see an air elemental and a kobold.

Vanquished Creatures
  A worker ant (D:3)
  6 adders
  2 oozes
  2 worms (D:2)
  A leopard gecko (D:3)
  An orc (D:3)
  2 ball pythons (D:2)
  A giant cockroach (D:1)
  4 goblins
  3 hobgoblins (D:2)
  A jackal (D:2)
  A quokka (D:3)
  A bat (D:1)
  4 frilled lizards
  7 rats
37 creatures vanquished.

Notes
Turn   | Place    | Note
-------+----------+-------------------------------------------
     0 | D:1      | letownia2 the Tengu Fire Elementalist began the quest for the Orb.
     0 | D:1      | Reached XP level 1. HP: 10/10 MP: 4/4
    49 | D:2      | Reached skill level 2 in Conjurations
    74 | D:1      | Reached XP level 2. HP: 13/15 MP: 0/6
   101 | D:2      | Reached skill level 3 in Conjurations
   221 | D:2      | Reached XP level 3. HP: 19/19 MP: 1/7
   226 | D:2      | Learned a level 3 spell: Conjure Flame
   288 | D:2      | Reached skill level 4 in Conjurations
   328 | D:2      | Found a glowing silver altar of Zin.
   427 | D:4      | Noticed Grinder
   433 | D:3      | Reached skill level 5 in Conjurations
   433 | D:3      | Reached XP level 4. HP: 12/24 MP: 4/8
   608 | D:3      | Noticed letownia2's ghost (weakling TeFE)
   803 | D:2      | Found a stormy altar of Qazlal.
   803 | D:2      | Noticed a water elemental
   822 | D:2      | Noticed an earth elemental
   822 | D:2      | Noticed a fire elemental
   822 | D:2      | Noticed an air elemental
   849 | D:2      | Reached skill level 6 in Conjurations
   856 | D:2      | Gained mutation: You can fly. [Tengu growth]
   856 | D:2      | Reached XP level 5. HP: 14/28 MP: 0/9
   877 | D:2      | Slain by a kobold

Skill      XL: |  1  2  3  4 |
---------------+-------------+-----
Conjurations   | 2 3 5 6 |  6.3
Dodging        | |  2.1
Stealth        | |  2.0
Spellcasting   | |  2.0
Fire Magic     | |  3.2

Action                   |  1- 3 |  4- 6 || total
-------------------------+-------+-------++-------
Melee: Unarmed           |     2 |       ||     2
       Kick              |     2 |       ||     2
       Dagger            |     4 |     1 ||     5
       Spear             |       |     5 ||     5
 Cast: Flame Tongue      |    31 |    31 ||    62
       Conjure Flame     |       |     1 ||     1
 Stab: Sleeping          |     2 |       ||     2
  Eat: Chunk             |       |     1 ||     1
Armor: Robe              |     1 |     1 ||     2
Dodge: Dodged            |     7 |    14 ||    21
